[Event "Val Thorens op 09th"]
[Site "Val Thorens"]
[Date "1984.07.??"]
[Round "6"]
[White "Seret, Jean Luc"]
[Black "Giffard, Nicolas"]
[Result "1-0"]
[ECO "E21"]
[WhiteElo "2390"]
[BlackElo "2340"]
[Annotator "Primel,D"]
[PlyCount "81"]
[EventDate "1984.07.??"]
[EventType "swiss"]
[EventRounds "9"]
[EventCountry "FRA"]
[SourceTitle "EXT 2021"]
[Source "ChessBase"]
[SourceDate "2020.10.23"]
[SourceVersion "1"]
[SourceVersionDate "2020.10.23"]
[SourceQuality "1"]
[TimeControl "40/7200:20/3600:0"]

1. d4 Nf6 2. Nf3 e6 3. c4 b6 4. Nc3 Bb4 5. Qc2 (5. Bg5 {La grande ligne} Bb7 6.
e3 h6 7. Bh4 g5 8. Bg3 Ne4) 5... Bb7 6. a3 Bxc3+ 7. Qxc3 d6 8. g3 (8. e3 Nbd7
9. b4 a5 10. Bb2 O-O 11. Be2 Ne4 12. Qd3 axb4 13. axb4 Rxa1+ 14. Bxa1 Qa8 15.
O-O Qa2 16. Rc1 Ra8 17. Ne1 d5 18. cxd5 Bxd5 19. f3 Nd6 20. Bd1 Bc4 21. Qc2
Qxc2 22. Bxc2 f5 23. Nd3 Ra2 24. Nb2 Bd5 25. Nd1 Nf6 26. Nc3 Ra7 27. Kf2 b5 28.
g4 c6 29. g5 Nd7 30. e4 Bc4 31. Bb2 Kf7 32. Kg3 Nf8 33. h4 Kg6 34. Nd1 {
1/2-1/2 (34) Polugaevsky,L (2625)-Seirawan,Y (2600) Tilburg 1983}) 8... c5 $146
{Une poussée thématique mais peut-être prématurée} (8... Nbd7 9. Bg2 O-O
10. O-O Be4 11. Rd1 Qb8 12. Bf1 Rd8 13. b3 b5 14. Nd2 Bc6 15. Bb2 a5 16. Qc2
Qb7 17. Rac1 Rdc8 18. c5 Rab8 19. e4 d5 20. e5 Ne4 21. f3 Nxd2 22. Rxd2 Rf8 23.
Bd3 g6 24. Rf2 f5 25. exf6 Rxf6 26. Re1 Nf8 27. Kg2 a4 28. b4 Be8 29. Bc1 c6
30. Bg5 Rf7 31. Qd2 Bd7 32. Bf4 Re8 33. Bd6 Qc8 34. Qh6 Qd8 35. Re3 Bc8 36. h4
Qf6 37. Be5 Qe7 38. h5 {Anikaev,Y (2460)-Kaunas,K (2260) Klaipeda 1983 1-0}) (
8... O-O $142 9. Bg2 a5 10. b3 Nbd7 11. O-O Be4 (11... c5 12. Bb2 Qe7 13. Rfd1
Rfd8 $132) 12. Bb2 (12. a4 c5 {Alterman,V (2375)-Razuvaev,Y (2470) URS-chT
Republics 14th final A 1979 (3) 1/2}) 12... Qb8 $132) 9. dxc5 $5 {L'ouverture
du centre doit profiter au camp qui a la paire de B} bxc5 10. Bg2 Nc6 11. O-O a5 12. Rd1 $14 Qe7 (12... Qc7 13. Bf4) 13. Bg5 $1 Rd8
{Le plan choisi par le top GMI NAIDITSH est plus souple} (13... O-O $142 14.
Rd2 Rfd8 15. Rad1 Rab8 $11 {[%csl Rb2] Avec un plan classique dans ce genre de
position} 16. Bxf6 gxf6 {Anastasian,A (2602)-Naiditsch,A (2657) EU-ch 7th
Kusadasi 2006 (11) 0-1}) 14. Rd2 O-O 15. Rad1 $36 Rd7 16. Bxf6 gxf6 17. Qe3 Rb8
18. Qf4 Ne5 $6 {Conduit à des échanges qui peuvent donner une meilleure
finale pour les Blancs et les Noirs se privent de la possibilité d'une finale
Q+N contre Q+B} (18... Ba8 $11 ) 19. Nxe5 fxe5 20. Qg4+
Kh8 21. Bxb7 Rbxb7 22. Qe4 Rb6 $2 (22... f5 $5 23. Qc2) 23. Qa8+ Kg7 24. Qxa5 {
[%csl Ga3] Non seulement les Blancs ont gagné un P mais le P passé est
dangereux} Rdb7 25. b4 $1 {La pointe!} (25. Qc3 Rb3) 25... cxb4 26. axb4 Rxb4
27. Rxd6 Qf6 28. c5 $1 {L'idée de la poussée b4} e4 29. c6 R7b5 30. Qa7 Rc4
31. c7 Rbc5 32. Rd7 $40 h5 33. c8=Q Rxc8 34. Rxf7+ $1 Qxf7
35. Rd7 Rf8 36. Kg2 Kf6 37. Qa1+ Kg6 38. Rxf7 Rxf7 39. Qa6 $1 Rb4 40. Qxe6+ Rf6 41. Qg8+ 1-0

[Event "Plancoet op-A 10th"]
[Site "Plancoet"]
[Date "2013.08.01"]
[Round "6"]
[White "Petre, Nad Titus"]
[Black "Bailet, Pierre"]
[Result "1/2-1/2"]
[ECO "E21"]
[WhiteElo "2371"]
[BlackElo "2474"]
[Annotator "RR"]
[PlyCount "49"]
[EventDate "2013.07.28"]
[EventType "swiss"]
[EventRounds "9"]
[EventCountry "FRA"]
[SourceTitle "EXT 2017"]
[Source "ChessBase"]
[SourceDate "2016.10.25"]
[SourceVersion "1"]
[SourceVersionDate "2016.10.25"]
[SourceQuality "1"]
[TimeControl "40/5400+30:1800+30"]

1. c4 Nf6 2. Nc3 e6 3. d4 Bb4 4. Nf3 O-O ({RR} 4... c5) ({RR} 4... Bxc3+) 5.
Bg5 d6 (5... c5 $1 6. e3 h6 7. Bh4 Qa5 (7... g5 8. Bg3 Ne4 9. Rc1 f5 $13) 8.
Bxf6 Bxc3+ 9. bxc3 Qxc3+ 10. Nd2 gxf6) 6. e3 ({RR} 6. e4 h6 ({RR} 6... e5))
6... Nbd7 7. Nd2 ({RR} 7. Bd3 e5 ({RR} 7... Bxc3+ 8. bxc3 h6 9. h4 Qe8 10. Qc2
e5 11. Bf5 Kh8 12. Bxf6 Nxf6 13. Nd2 Qc6)) ({RR} 7. Qc2) ({RR} 7. Rc1 c5 8. Be2
b6 9. O-O Bxc3 10. Rxc3 Qc7 11. Rc1 Bb7 12. Qc2 Ne4 13. Bh4 f5) 7... c5 $146 ({
RR} 7... Bxc3 8. bxc3 h6 9. Bh4 e5 10. Bd3 Qe8 11. O-O b6 12. Qc2 Bb7 13. f4 e4
14. Be2 Nh7 15. f5 g5 16. fxg6 fxg6 17. Rxf8+ Kxf8 18. Rf1+ Kg7 19. d5 g5 20.
Bg3 Nhf6 21. Nb3 Nc5 22. Qd1 {Barsov,A (2445)-Florea,D Untergrombach 1995 1-0 
(39)}) 8. d5 Bxc3 9. bxc3 h6 10. Bh4 Ne5 (10... g5 11. Bg3 e5 12. Bd3 Qe7 13.
O-O e4) 11. dxe6 Bxe6 (11... fxe6 12. Be2 Qe7 13. O-O $11) 12. Be2 Ng6 13. Bg3
d5 14. Qc2 (14. cxd5 $143 Nxd5 $132 ) 14... d4 15. exd4 cxd4 16.
O-O Rc8 17. Rfd1 b5 $1 18. cxb5 Rxc3 19. Qb2 Qc8 20. Rac1 Rd8 $36 21. Nb1 Rc5 22. Qa3 Rxc1 23. Rxc1 Qb7 24. Nd2 d3 25. Qa5 $11 1/2-1/2